 Dungeon Crawl Stone Soup version 0.20.0-10-g0535bb4 (webtiles) character file.

2524 anfisbena the Arsonist (level 9, -5/45 HPs)
             Began as a Gargoyle Fire Elementalist on June 5, 2017.
             Was a Follower of Vehumet.
             Slain by a hell hound (6 damage)
             ... on level 8 of the Dungeon on June 6, 2017.
             The game lasted 00:20:02 (8177 turns).

anfisbena the Arsonist (Gargoyle Fire Elementalist) Turns: 8177, Time: 00:20:03

Health: -5/45      AC: 12    Str: 12    XL:     9   Next: 54%
Magic:  16/27      EV: 11    Int: 22    God:    Vehumet [*.....]
Gold:   295        SH:  0    Dex: 10    Spells: 3/20 levels left

rFire    . . .     SeeInvis +   b - staff of energy
rCold    . . .     Gourm    .   (no shield)
rNeg     + . .     Faith    .   q - +0 leather armour
rPois    ∞         Spirit   .   f - +2 helmet {SInv}
rElec    +         Reflect  .   (no cloak)
rCorr    .         Harm     .   u - +0 pair of gloves
MR       .....                  (no boots)
Stlth    ++........             e - amulet of magic regeneration
Regen    0.2/turn               A - ring of magical power
MPRegen  0.3/turn               v - ring "Edioluisas" {Int+3 Slay+2}

@: no status effects
A: negative energy resistance 1, electricity resistance, unbreathing,
petrification resistance, rot immunity, AC +5
a: Renounce Religion


You were on level 8 of the Dungeon.
You worshipped Vehumet.
Vehumet was aware of your devotion.
You were not hungry.

You visited 2 branches of the dungeon, and saw 9 of its levels.

You collected 295 gold pieces.

Inventory:

Hand Weapons
 a - a +0 mace
Armour
 f - a +2 helmet of see invisible (worn)
 q - a +0 leather armour (worn)
 u - a +0 pair of gloves (worn)
Magical Staves
 b - an uncursed staff of energy (weapon)
Jewellery
 e - an amulet of magic regeneration (around neck)
 v - the ring "Edioluisas" (right hand) {Int+3 Slay+2}
   (You found it on level 4 of the Dungeon)

   [ring of slaying]

   It affects your intelligence (+3).
   It affects your accuracy and damage with ranged weapons and melee attacks
   (+2).
 A - a ring of magical power (left hand)
Scrolls
 g - 3 scrolls of teleportation
 i - 4 scrolls of enchant weapon
 k - a scroll of immolation
 l - a scroll of fear
 t - a scroll of magic mapping
 y - a scroll of amnesia
 D - 2 scrolls of remove curse
 H - a scroll of recharging
Potions
 d - 2 potions of flight
 j - a potion of brilliance {unknown}
 n - a potion of berserk rage {unknown}
 r - 2 potions of cancellation
 B - 2 potions of mutation
 E - a potion of haste {unknown}
Comestibles
 c - 4 bread rations
 h - 7 meat rations
 m - 2 royal jellies
 o - 3 chunks of flesh
 s - 3 fruits


   Skills:
 - Level 1.5 Dodging
 - Level 2.1 Stealth
 - Level 6.0 Spellcasting
 + Level 7.0 Conjurations
 * Level 9.4 Fire Magic


You had 3 spell levels left.
You knew the following spells:

 Your Spells              Type           Power        Failure   Level  Hunger
a - Flame Tongue          Conj/Fire      #####        1%          1    None
b - Sticky Flame          Conj/Fire      #####...     3%          4    None
c - Conjure Flame         Conj/Fire      #####...     1%          3    None
d - Magic Dart            Conj           ####         1%          1    None
e - Inner Flame           Hex/Fire       ####....     4%          3    None
f - Fireball              Conj/Fire      #####.....   11%         5    None


Dungeon Overview and Level Annotations

Branches:
Dungeon (8/15)             Temple (1/1) D:4            Lair (0/6) D:8

Altars:
Dithmenos
Elyvilon
Fedhas
Gozag
Kikubaaqudgha
Makhleb
Nemelex Xobeh
Okawaru
Ru
Sif Muna
Trog
Vehumet
Yredelemnul
Zin
The Shining One


Innate Abilities, Weirdness & Mutations

You are resistant to torment.
Your stone body is resilient. (AC +5)
You are immune to poison.
You resist negative energy. (rN+)
You are resistant to electric shocks. (rElec)
You can survive without breathing.
You are immune to petrification.
You are immune to rotting.


Message History

Confirm with . or Enter, or press ? or * to list all spells.
Aiming: Magic Dart
Press: ? - help, Shift-Dir - straight line, f/p - hell hound
Aim: a hell hound (severely wounded)
The magic dart hits the hell hound.
The hell hound is severely wounded.
The hell hound breathes flames at you. The blast of flame hits you!
* * * LOW HITPOINT WARNING * * *
The hell hound bites you.
* * * LOW HITPOINT WARNING * * *
Casting: Magic Dart
Confirm with . or Enter, or press ? or * to list all spells.
Aiming: Magic Dart
Press: ? - help, Shift-Dir - straight line, f/p - hell hound
Aim: a hell hound (severely wounded, catching its breath)
The magic dart hits the hell hound.
The hell hound is severely wounded.
The hell hound bites you.
You die...

#..#.##.##
#..#.##.#
#.......#
.....#.####
### #.# #.#
#.# #h# #@#
#.# #.# #.#
..# ... ###


You could see a hell hound.

Vanquished Creatures
  The ghost of Turgon the Slasher, a novice OpWn (D:6)
  A hippogriff (D:7)
  An ice beast (D:6)
  A sky beast (D:6)
  3 phantoms
  2 ogres
  5 centaurs
  A big kobold (D:6)
  A bullfrog (D:6)
  2 scorpions
  4 howler monkeys
  An orc priest (D:5)
  2 hounds
  A jelly (D:5)
  2 centaur skeletons
  4 worker ants
  3 orc wizards
  8 adders
  3 shadow imps
  2 oozes (D:2)
  An adder zombie (D:5)
  An adder skeleton (D:4)
  A worm (D:5)
  A dart slug (D:3)
  4 leopard geckos
  16 orcs
  5 bats
  5 giant cockroaches
  6 goblins
  13 hobgoblins
  16 jackals
  2 quokkas
  A ball python (D:1)
  6 frilled lizards
  A jackal skeleton (D:6)
  12 kobolds
  8 rats
147 creatures vanquished.

Vanquished Creatures (others)
  A plant (D:6)
1 creature vanquished.

Grand Total: 148 creatures vanquished

Notes
Turn   | Place    | Note
-------+----------+-------------------------------------------
     0 | D:1      | anfisbena the Gargoyle Fire Elementalist began the quest for the Orb.
     0 | D:1      | Reached XP level 1. HP: 10/10 MP: 3/3
   464 | D:1      | Reached XP level 2. HP: 5/15 MP: 3/5
  1284 | D:1      | Reached XP level 3. HP: 19/19 MP: 2/6
  1962 | D:2      | Reached XP level 4. HP: 21/24 MP: 3/7
  2130 | D:2      | Reached skill level 4 in Fire Magic
  2640 | D:2      | Found a white marble altar of Elyvilon.
  2861 | D:3      | Found a sparkling altar of Nemelex Xobeh.
  2885 | D:3      | Reached XP level 5. HP: 23/28 MP: 0/9
  2978 | D:3      | Found a glowing golden altar of the Shining One.
  3168 | D:3      | Found an opulent altar of Gozag.
  3264 | D:3      | Found an ancient bone altar of Kikubaaqudgha.
  3328 | D:3      | Learned a level 4 spell: Sticky Flame
  3332 | D:3      | Learned a level 3 spell: Conjure Flame
  4001 | D:4      | Found a staircase to the Ecumenical Temple.
  4049 | Temple   | Entered the Ecumenical Temple
  4121 | Temple   | Became a worshipper of Vehumet
  4138 | D:4      | Reached skill level 5 in Fire Magic
  4138 | D:4      | Reached XP level 6. HP: 31/32 MP: 5/10
  4178 | D:4      | Got a scorched gossamer ring
  4203 | D:4      | Identified the ring "Edioluisas" {Int+3 Slay+2} (You found it on level 4 of the Dungeon)
  4831 | D:5      | Entered Level 5 of the Dungeon
  5026 | D:5      | Found a shadowy altar of Dithmenos.
  5303 | D:5      | Reached XP level 7. HP: 34/36 MP: 8/12
  5444 | D:5      | Reached * piety under Vehumet
  5444 | D:5      | Offered knowledge of Magic Dart by Vehumet.
  5447 | D:5      | Learned a level 1 spell: Magic Dart
  5457 | D:5      | Found a blossoming altar of Fedhas.
  5518 | D:6      | Reached skill level 6 in Fire Magic
  5558 | D:6      | Noticed Turgon's ghost (novice OpWn)
  5691 | D:6      | Killed Turgon's ghost
  5691 | D:6      | Reached skill level 5 in Conjurations
  5691 | D:6      | Reached skill level 7 in Fire Magic
  5691 | D:6      | Reached XP level 8. HP: 33/41 MP: 3/15
  6074 | D:6      | Reached skill level 5 in Spellcasting
  6074 | D:6      | Reached skill level 8 in Fire Magic
  6277 | D:6      | Reached XP level 9. HP: 7/45 MP: 15/17
  6800 | D:6      | Learned a level 3 spell: Inner Flame
  6806 | D:6      | Learned a level 5 spell: Fireball
  7126 | D:7      | Reached skill level 9 in Fire Magic
  7986 | D:7      | Offered knowledge of Freeze by Vehumet.
  8147 | D:8      | Found a staircase to the Lair.
  8170 | D:8      | HP: 2/45 [hell hound (4)]
  8176 | D:8      | HP: 2/45 [hell hound/blast of flame (22)]
  8177 | D:8      | Slain by a hell hound

Skill      XL: |  1  2  3  4  5  6  7  8  9 |
---------------+----------------------------+-----
Conjurations   | 2 3 5 6 7 |  7.0
Fire Magic     | 4 5 7 8 9 |  9.4
Spellcasting   | 3 4 5 6 |  6.0
Dodging        | |  1.5
Stealth        | |  2.1

Action                   |  1- 3 |  4- 6 |  7- 9 || total
-------------------------+-------+-------+-------++-------
Melee: Unarmed           |    21 |       |       ||    21
       Mace              |    25 |    40 |       ||    65
       Staff             |       |    42 |     7 ||    49
 Cast: Flame Tongue      |    52 |   135 |   163 ||   350
       Magic Dart        |       |       |    23 ||    23
       Fireball          |       |       |     3 ||     3
Evoke: Staff of energy   |       |     1 |       ||     1
  Use: Scroll            |       |     4 |    10 ||    14
       Potion            |       |     2 |     3 ||     5
 Stab: Sleeping          |     1 |     1 |       ||     2
  Eat: Chunk             |     4 |    11 |     9 ||    24
Armor: Robe              |    23 |    10 |       ||    33
       Leather armour    |       |    72 |    54 ||   126
Dodge: Dodged            |    48 |   115 |    82 ||   245
